 Dungeon Crawl Stone Soup version 0.29.1-12-g30fa7ad0bf (webtiles) character file.

Game seed: 13532802781747155438

16 hawla the Chiller (level 2, 0/22 HPs)
             Began as a Meteoran Ice Elementalist on Jan 3, 2023.
             Slain by an iguana (13 damage)
             ... on level 4 of the Dungeon.
             The game lasted 00:02:11 (345 turns).

hawla the Chiller (Meteoran Ice Elementalist)        Turns: 345, Time: 00:02:12

Health: 0/22       AC:  2    Str:  9    XL:     2   Next: 94%
Magic:  5/7        EV: 12    Int: 16    God:
Gold:   20         SH:  0    Dex: 14    Spells: 6/7 levels left

rFire   . . .      SeeInvis .   (no weapon)
rCold   . . .      Faith    .   (no shield)
rNeg    . . .      Spirit   .   a - +0 robe
rPois   .          Reflect  .   (no helmet)
rElec   .          Harm     .   (no cloak)
rCorr   .          Rampage  .   (no gloves)
Will    .....                   (no boots)
Stlth   +.........              (no amulet)
HPRegen 0.07/turn               (no ring)
MPRegen 0.10/turn               (no ring)

@: glowing
A: sense surroundings 1, otherworldly, glowing, explore regen
a: no special abilities


You were on level 4 of the Dungeon.
You visited 1 branch of the dungeon, and saw 4 of its levels.

You collected 56 gold pieces.
You spent 36 gold pieces at shops.

Inventory:

Armour
 a - a +0 robe (worn)
Scrolls
 e - a scroll of identify {unknown}
 f - a scroll of blinking {unknown}
Potions
 b - a potion of magic
 c - a potion of brilliance {unknown}
 d - a potion of mutation {unknown}
 g - a potion of curing


   Skills:
 + Level 0.4 Fighting
 + Level 2.4 Dodging
 - Level 1.4 Stealth
 + Level 3.0 Spellcasting
 + Level 4.9 Ice Magic


You had 6 spell levels left.
You knew the following spells:

 Your Spells              Type           Power      Damage    Failure   Level
a - Freeze                Ice            72%        1d9       2%          1

Your spell library contained the following spells:

 Spells                   Type           Power      Damage    Failure   Level
 Frozen Ramparts          Ice            36%        1d6       8%          3
 Ozocubu's Armour         Ice            18%        N/A       8%          3
 Hailstorm                Conj/Ice       10%        3d5       56%         4
 Fireball                 Conj/Fire      1%         3d3       99%         5
 Starburst                Conj/Fire      1%         6d3       100%        6
 Ignition                 Fire           1%         3d3       100%        8


Dungeon Overview and Level Annotations

Branches:
Dungeon (4/15) Zot: 2054
 Temple: D:4-7

Altars:

Shops:
D:3 !


Innate Abilities, Weirdness & Mutations

You passively map a small area around you.
You are easily found by Zot.
You glow in the dark.
You regain HP and MP as you explore.


Message History

Found a stone staircase leading up.
(D) Dungeon
Where to? (Enter - D:3 @ (x,y), ? - help)
What level of the Dungeon? (default 1, ? - help)
There is a stone staircase leading down here.
You climb downwards.
The goblin shouts!
You hear an angry hiss.
Found a short sword, a book of Debilitation and a cloak.
There is a stone staircase leading up here.
A goblin is nearby!
Casting: Freeze (safe; 2% risk of failure)
Confirm with . or Enter, or press ? or * to list all spells.
Aiming: Freeze (safe; 2% risk of failure)
Press: ? - help, Shift-Dir - straight line, f - goblin
Aim: a goblin, wielding a +0 dagger You freeze the goblin.
You kill the goblin!
An iguana comes into view.
Things that are here:
a +0 dagger; a goblin corpse The iguana hisses angrily.
The iguana bites you!
Casting: Freeze (safe; 2% risk of failure)
Confirm with . or Enter, or press ? or * to list all spells.
Aiming: Freeze (safe; 2% risk of failure)
Press: ? - help, Shift-Dir - straight line, f - iguana
Aim: an iguana You freeze the iguana!
The iguana is heavily wounded.
The iguana seems to slow down.
Casting: Freeze (safe; 2% risk of failure)
Confirm with . or Enter, or press ? or * to list all spells.
Aiming: Freeze (safe; 2% risk of failure)
Press: ? - help, Shift-Dir - straight line, f/p - iguana
Aim: an iguana (heavily wounded, slow)
You freeze the iguana!
The iguana is almost dead.
The iguana bites you!
Ouch! That really hurt!
You die...

, , *#...## *
#....### *
###......#
###.<......##
##....)).....#
#.............#
...............#
...............#
...........l@.:#
..............[#
..............##
, .............#
............# ,
...........#
.........##
.......## , ,,


You could see an iguana (slow).

Vanquished Creatures
  2 dart slugs (D:2)
  An endoplasm (D:1)
  2 goblins
  A hobgoblin (D:3)
  A ball python (D:2)
  A bat (D:1)
  3 kobolds
  A rat (D:2)
12 creatures vanquished.

Notes
Turn   | Place    | Note
-------+----------+-------------------------------------------
     0 | D:1      | hawla the Meteoran Ice Elementalist began the quest for the
                  | Orb.
     0 | D:1      | Reached XP level 1. HP: 14/14 MP: 5/5
   112 | D:2      | Reached XP level 2. HP: 12/20 MP: 3/6
   223 | D:3      | Found Tutheefre's Distillery.
   232 | D:3      | Bought a potion of curing for 36 gold pieces
   345 | D:4      | Slain by an iguana

Illustrated notes

Levels and vault maps discovered:
D:1:      evilmike_arrival_hilbert_curve, layout_loops_ring
D:2:      layout_rooms
D:3:      layout_basic, serial_shops,
          nicolae_shop_temple_entry_statues_fountains, serial_co_window_serial,
          co_window_paths_a, co_window_corner_a, co_window_of_opportunity_a,
          co_window_paths_a, co_window_corner_a, co_window_corner_cb,
          co_window_broadway_c, co_window_broadway_b,
          co_window_of_opportunity_b, grunt_ministairs_1
D:4:      layout_cave_pods, minmay_misc_feat_enclosed, serial_bayou_crossing

Skill      XL: |  1  2 |
---------------+-------+-----
Spellcasting   | 3 |  3.0
Fighting       | |  0.4
Dodging        | |  2.4
Stealth        | |  1.4
Ice Magic      | |  4.9

Action                   || total
-------------------------++-------
Melee: Unarmed           ||     1
 Cast: Freeze            ||    21
Armor: Robe              ||     3
Dodge: Dodged            ||    10
